 Dungeon Crawl Stone Soup version 0.27-a0-216-g1fbed8a51c (webtiles) character file.

Game seed: 11431478242255682180

154079 tilp the Covert (level 17, -10/136 HPs)
             Began as a Gnoll Delver on Jan 30, 2021.
             Was the Champion of Cheibriados.
             Mangled by a bog body (28 damage)
             ... on level 4 of the Swamp on Jan 31, 2021.
             The game lasted 01:33:01 (40139 turns).

tilp the Covert (Gnoll Delver)                     Turns: 40139, Time: 01:33:01

Health: -10/136    AC: 20    Str: 33    XL:     17   Next: 62%
Magic:  32/32      EV: 21    Int: 46    God:    Cheibriados [******]
Gold:   591        SH:  8    Dex: 19    Spells: 3/39 levels left

rFire    + + +     SeeInvis .   a - +7 flail of World's End {elec, *Corrode Will+ Int+3 Dex-4}
rCold    . . .     Faith    .   C - +0 buckler
rNeg     . . .     Spirit   .   B - +0 swamp dragon scales
rPois    +         Reflect  .   i - +1 hat "Laoqy" {rF+++ Str+2 Dex-5}
rElec    .         Harm     .   t - +0 cloak of Lucidity {Int+6} (curse)
rCorr    .         Rampage  .   P - +2 pair of gloves {Str+3}
Will     +++..                  N - +2 pair of boots
Stlth    +++.......             f - amulet of magic regeneration
HPRegen  0.32/turn              v - +6 ring of intelligence
MPRegen  0.48/turn              I - ring of willpower

@: very slow
A: distributed training, fangs 1, strong nose
a: Renounce Religion, Bend Time, Temporal Distortion, Slouch, Step From Time


You were on level 4 of the Swamp.
You worshipped Cheibriados.
Cheibriados was exalted by your worship.
You visited 5 branches of the dungeon, and saw 28 of its levels.
You also visited: Gauntlet.

You collected 3139 gold pieces.
You spent 2548 gold pieces at shops.

Inventory:

Hand Weapons
 a - the +7 flail of World's End (weapon) {elec, *Corrode Will+ Int+3 Dex-4}
   (You bought it in a shop on level 2 of the Orcish Mines)

   Occasionally, upon striking a foe, it can discharge electrical energy and
   cause terrible harm.
   It affects your intelligence (+3).
   It affects your dexterity (-4).
   It affects your willpower, your defense against some magical effects.
   It may corrode you when you take damage.
 b - a +3 scimitar of flaming
Missiles
 p - 12 boomerangs (quivered)
 w - 8 javelins
 F - 38 curare-tipped darts
 H - 16 silver boomerangs
 R - 22 silver javelins
 W - a throwing net
Armour
 i - the +1 hat "Laoqy" (worn) {rF+++ Str+2 Dex-5}
   (You acquired it on level 11 of the Dungeon)

   It affects your strength (+2).
   It affects your dexterity (-5).
   It renders you almost immune to fire.
 t - the cursed +0 cloak of Lucidity (worn) {Int+6}
   (You found it on level 14 of the Dungeon)

   It affects your intelligence (+6).
   It has a curse placed upon it.
 B - +0 swamp dragon scales (worn)
 C - a +0 buckler (worn)
 N - a +2 pair of boots (worn)
 P - a +2 pair of gloves of strength (worn)
 U - a +4 chain mail of willpower
Jewellery
 f - an amulet of magic regeneration (around neck)
 m - an uncursed ring of see invisible
 v - a +6 ring of intelligence (left hand)
 I - a ring of willpower (right hand)
 Q - an uncursed ring of flight
 V - an uncursed ring of ice
Wands
 d - a wand of digging (19)
 l - a wand of mindburst (37)
 q - a wand of acid (44)
 r - a wand of paralysis (28)
 x - a wand of flame (34)
 L - a wand of iceblast (19)
Scrolls
 c - 5 scrolls of fog
 g - 4 scrolls of identify
 n - 2 scrolls of fear
 z - 17 scrolls of remove curse
 D - 10 scrolls of teleportation
 E - 2 scrolls of enchant armour
 K - 2 scrolls of summoning
 M - 5 scrolls of blinking
 O - a scroll of brand weapon
 X - 2 scrolls of silence
 Y - 6 scrolls of enchant weapon
 Z - a scroll of magic mapping
Potions
 h - 3 potions of attraction
 j - a potion of magic
 k - 9 potions of mutation
 s - 4 potions of heal wounds
 u - 15 potions of curing
 A - 2 potions of invisibility
 G - 5 potions of cancellation
 J - a potion of ambrosia
 S - 2 potions of might
 T - 3 potions of brilliance
Miscellaneous
 e - a lightning rod (4/4)
 o - a phantom mirror
 y - a tin of tremorstones (2/2)


   Skills:
 + Level 13.0 Fighting
 + Level 11.6 Short Blades
 + Level 11.6 Long Blades
 + Level 11.6 Axes
 + Level 12.4 Maces & Flails
 + Level 11.6 Polearms
 + Level 11.6 Staves
 + Level 11.6 Slings
 + Level 11.6 Bows
 + Level 11.6 Crossbows
 + Level 11.6 Throwing
 + Level 11.6 Armour
 + Level 12.4 Dodging
 + Level 14.4 Stealth
 + Level 11.6 Shields
 + Level 11.6 Unarmed Combat
 + Level 11.6 Spellcasting
 + Level 9.9 Conjurations
 + Level 9.9 Hexes
 + Level 9.9 Summonings
 + Level 9.9 Necromancy
 + Level 9.9 Translocations
 + Level 9.9 Transmutations
 + Level 9.9 Fire Magic
 + Level 9.9 Ice Magic
 + Level 9.9 Air Magic
 + Level 9.9 Earth Magic
 + Level 9.9 Poison Magic
 + Level 12.5 Invocations
 + Level 11.6 Evocations


You had 3 spell levels left.
You knew the following spells:

 Your Spells              Type           Power        Failure   Level
a - Corona                Hex            96%          1%          1
b - Hailstorm             Conj/Ice       87%          1%          4
c - Confusing Touch       Hex            87%          1%          3
d - Dazzling Flash        Conj/Hex       100%         1%          3
e - Tukima's Dance        Hex            87%          1%          3
f - Frozen Ramparts       Ice            100%         1%          3
g - Bolt of Magma         Conj/Fire/Erth 43%          1%          5
h - Airstrike             Air            43%          1%          4
i - Wereblood             Tmut           87%          1%          2
j - Blink                 Tloc           N/A          1%          2
k - Iron Shot             Conj/Erth      43%          3%          6

Your spell library contained the following spells:

 Spells                   Type           Power        Failure   Level
 Beastly Appendage        Tmut           100%         1%          1
 Freeze                   Ice            100%         1%          1
 Magic Dart               Conj           100%         1%          1
 Sandblast                Erth           100%         1%          1
 Summon Small Mammal      Summ           100%         1%          1
 Call Imp                 Summ           87%          1%          2
 Corpse Rot               Necr/Air       N/A          1%          2
 Ensorcelled Hibernation  Hex/Ice        100%         1%          2
 Passwall                 Tmut/Erth      72%          1%          2
 Slow                     Hex            87%          1%          2
 Call Canine Familiar     Summ           87%          1%          3
 Conjure Flame            Conj/Fire      87%          1%          3
 Mephitic Cloud           Conj/Pois/Air  87%          1%          3
 Ozocubu's Armour         Ice            87%          1%          3
 Spider Form              Tmut/Pois      43%          1%          3
 Stone Arrow              Conj/Erth      100%         1%          3
 Summon Guardian Golem    Hex/Summ       87%          1%          3
 Animate Dead             Necr           43%          1%          4
 Ice Form                 Ice/Tmut       87%          1%          4
 Summon Ice Beast         Ice/Summ       87%          1%          4
 Summon Lightning Spire   Summ/Air       87%          1%          4
 Alistair's Intoxication  Tmut/Pois      58%          1%          5
 Blade Hands              Tmut           43%          1%          5
 Borgnjor's Vile Clutch   Necr/Erth      43%          1%          5
 Iskenderun's Battlesphe  Conj           87%          1%          5
 Conjure Ball Lightning   Conj/Air       43%          3%          6
 Death Channel            Necr           43%          3%          6
 Eringya's Noxious Bog    Tmut/Pois      43%          3%          6
 Simulacrum               Ice/Necr       43%          3%          6
 Orb of Destruction       Conj           43%          19%         7
 Spellforged Servitor     Conj/Summ      43%          19%         7


Dungeon Overview and Level Annotations

Branches:
Dungeon (15/15)            Temple (1/1) D:5            Lair (6/6) D:8
  Swamp (4/4) Lair:4       Spider (0/4) Lair:4        Slime (0/5) Lair:5
    Orc (2/2) D:9             Elf (0/3) Orc:2        Vaults (0/5) D:14
 Depths (0/5) D:15        Gauntlet (visited)

Altars:
Ashenzari
Cheibriados
Dithmenos
Elyvilon
Fedhas
Gozag
Hepliaklqana
Kikubaaqudgha
Makhleb
Nemelex Xobeh
Okawaru
Qazlal
Ru
Sif Muna
Trog
Uskayaw
Vehumet
Wu Jian
Xom
Yredelemnul
Zin
The Shining One
Beogh

Shops:
D:9 ?[   D:11 (   Orc:1 [   Orc:2 ([*:

Annotations:
D:7 1 runed translucent door, Crazy Yiuf
D:15 2 transporters, Hexzid's ghost, adept HaHu; Louise
Lair:4 exclusion: ice statue
Lair:6 2 transporters, Atewekes's ghost, journeyman DsCj
Swamp:4 1 runed translucent door


Innate Abilities, Weirdness & Mutations

Your experience applies equally to all skills.
You have very sharp teeth.
Your uncanny sense of smell can sniff out nearby items.


Message History

The bolt of cold hits you!!
You bludgeon the alligator!!
The alligator is severely wounded.
The alligator completely misses you. You block the alligator's attack.
You hit the alligator.
Lightning courses through the alligator!
You kill the alligator!
Cheibriados thoroughly appreciates the change of pace.
You enter the shallow water.
Moving in this stuff is going to be slow.
The bog body completely misses you.
The bog body gestures at you while chanting.
The bolt of cold hits you!!!
* * * LOW HITPOINT WARNING * * *
The bog body misses you.
Your unstable footing causes you to fumble your attack.
The bog body touches you!
* * * LOW HITPOINT WARNING * * *
The bog body freezes you!!
You die...

..≈..≈≈≈≈≈t....
♣≈.....≈≈≈≈≈≈.....
t...≈≈.≈≈≈≈..≈≈≈.
≈.§≈≈.≈≈≈≈≈≈≈≈≈.
.≈≈≈.≈≈≈≈≈≈≈≈≈≈..
.≈≈≈≈≈...≈≈≈≈≈≈.♣
≈≈.≈.≈..§≈.≈≈≈..♣♣
∆♣..≈†....≈...≈♣
♣<≈≈@≈..(≈§≈≈♣
?.≈≈≈..[.≈.n♣≈.≈≈).♣
..≈...≈.♣♣♣.♣.♣≈≈♣≈♣
H....≈≈.♣♣≈≈..≈.♣≈≈♣♣♣♣
♣≈...≈≈.♣...♣≈..≈..≈.≈♣♣ ♣
♣♣≈≈♣♣.≈.≈....♣♣.≈≈≈..≈♣♣♣♣
♣♣≈ ♣≈.....≈.≈≈.≈≈≈≈≈≈..≈♣
≈ #♣≈..≈.≈.♣≈≈≈≈§≈≈≈≈≈≈♣
##♣≈.♣.[..≈≈..≈≈≈≈≈÷÷


You could see a bog body.

Vanquished Creatures
  Jorgrun (D:13)
  Kirke (Swamp:3)
  A thorn hunter (Swamp:3)
  A fenstrider witch (Swamp:3)
  A minotaur (Gauntlet)
  A bunyip (Swamp:2)
  6 eleionomae
  Fannar (D:11)
  A shambling mangrove (Swamp:3)
  A fire dragon (Lair:6)
  A rakshasa (D:15)
  2 vault guards (D:14)
  2 boulder beetles
  Erica (Lair:2)
  22 hydras
  A ghost crab (Swamp:3)
  Erolcha (D:11)
  7 alligators
  5 centaur warriors
  5 death yaks
  A queen ant (Gauntlet)
  6 two-headed ogres
  A tengu warrior (D:15)
  Urug (D:10)
  A vampire mage (D:15)
  4 orc high priests (Orc:2)
  6 spriggans (Swamp:1)
  3 goliath frogs
  4 unseen horrors
  A spriggan druid (Swamp:1)
  4 wizards
  5 swamp dragons
  4 bog bodies
  3 orc knights (Orc:2)
  A deep elf archer (D:15)
  3 necromancers
  Pikel (D:5)
  2 deep elf pyromancers
  2 wolf spiders (Lair:6)
  9 ugly things
  8 orc sorcerers
  2 will-o-the-wisps
  3 manticores
  5 cyclopes
  16 elephants
  A stone giant skeleton (D:15)
  A guardian serpent (Lair:6)
  10 black mambas
  A torpor snail (Lair:6)
  A gargoyle (D:12)
  13 cane toads
  A spriggan zombie (D:15)
  3 rime drakes
  Psyche (D:10)
  An efreet (D:15)
  A kobold demonologist (D:13)
  A spriggan skeleton (D:15)
  9 komodo dragons
  A tengu conjurer (D:14)
  7 trolls
  A bloated husk (Swamp:2)
  8 hornets
  Grinder (D:6)
  5 polar bears
  A wolf spider simulacrum (D:14)
  A fire dragon zombie (D:15)
  8 tyrant leeches
  15 slime creatures
  12 blink frogs
  A meliai zombie (D:15)
  5 small abominations (Gauntlet)
  A vampire (D:13)
  A shadow (D:15)
  58 yaks
  A hog (Swamp:3)
  Eustachio (D:6)
  13 wyverns
  19 humans (D:14)
  4 wraiths
  10 basilisks
  A golden eye (shapeshifter) (D:15)
  3 steam dragons
  7 vampire mosquitoes
  3 acid dragons
  10 swamp worms
  4 soldier ants (Gauntlet)
  8 wargs
  26 water moccasins
  34 orc warriors
  6 swamp drakes
  4 black bears
  10 ice beasts
  7 sky beasts
  3 phantoms
  15 ogres
  A hornet zombie (D:8)
  A necrophage (D:7)
  19 centaurs
  5 wolves
  4 lemures (D:5)
  3 big kobolds
  18 bullfrogs
  A wyvern skeleton (D:14)
  A water moccasin skeleton (D:8)
  5 scorpions
  10 killer bees
  9 wights
  9 howler monkeys
  A bullfrog zombie (D:11)
  4 centaur zombies
  11 hounds
  A gnoll shaman (D:9)
  30 orc priests
  9 jellies
  4 centaur skeletons
  4 iguanas
  29 orc wizards
  17 worker ants
  9 gnolls
  A worker ant zombie (D:7)
  An adder (shapeshifter) (Gauntlet)
  16 adders
  3 shadow imps
  5 white imps
  6 ufetubi
  An ooze (D:5)
  An adder zombie (D:8)
  5 worms
  A dart slug (D:2)
  5 leopard geckos
  85 orcs
  3 ball pythons
  7 giant cockroaches
  12 goblins
  8 hobgoblins
  3 jackals (D:7)
  4 quokkas
  14 bats
  4 frilled lizards
  24 kobolds
  2 leopard gecko skeletons
  A quokka skeleton (D:9)
  9 rats
  A butterfly (Lair:5)
944 creatures vanquished.

Vanquished Creatures (collateral kills)
  An orc warlord (Orc:2)
  A tengu warrior (D:13)
  2 skeletal warriors (D:15)
  2 orc knights (Orc:2)
  An orc warrior (Orc:2)
  An orc (Orc:2)
8 creatures vanquished.

Vanquished Creatures (others)
  A bloated husk (Swamp:1)
  A yak (D:13)
  An orc priest (Orc:2)
  A bat (D:3)
  A bush (Lair:6)
  A demonic plant (Gauntlet)
  36 fungi
  83 plants
  13 withered plants (D:15)
138 creatures vanquished.

Grand Total: 1090 creatures vanquished

Notes
Turn   | Place    | Note
-------+----------+-------------------------------------------
     0 | D:5      | Reached skill level 9 in Stealth
     0 | D:5      | tilp the Gnoll Delver began the quest for the Orb.
     0 | D:5      | Reached XP level 1. HP: 23/23 MP: 1/1
    12 | D:6      | Noticed Eustachio
    12 | D:6      | Noticed a jelly
    31 | D:5      | Noticed a lemure
    93 | D:5      | Noticed a worker ant
   131 | D:5      | Killed a worker ant
   132 | D:5      | Reached XP level 2. HP: 14/29 MP: 2/2
   132 | D:5      | Reached XP level 3. HP: 16/35 MP: 3/3
   176 | D:5      | HP: 1/35 [poisoned by a worker ant]
   514 | D:5      | Noticed an ice beast
   514 | D:5      | Noticed an ogre
   572 | D:5      | Found a staircase to the Ecumenical Temple.
   583 | D:5      | Killed an ogre
   584 | D:5      | Reached skill level 1 in Short Blades
   584 | D:5      | Reached skill level 1 in Long Blades
   584 | D:5      | Reached skill level 1 in Axes
   584 | D:5      | Reached skill level 1 in Polearms
   584 | D:5      | Reached skill level 1 in Staves
   584 | D:5      | Reached skill level 1 in Slings
   584 | D:5      | Reached skill level 1 in Bows
   584 | D:5      | Reached skill level 1 in Crossbows
   584 | D:5      | Reached skill level 1 in Throwing
   584 | D:5      | Reached skill level 1 in Armour
   584 | D:5      | Reached skill level 1 in Shields
   584 | D:5      | Reached skill level 1 in Unarmed Combat
   584 | D:5      | Reached skill level 1 in Spellcasting
   584 | D:5      | Reached skill level 1 in Conjurations
   584 | D:5      | Reached skill level 1 in Hexes
   584 | D:5      | Reached skill level 1 in Summonings
   584 | D:5      | Reached skill level 1 in Necromancy
   584 | D:5      | Reached skill level 1 in Translocations
   584 | D:5      | Reached skill level 1 in Transmutations
   584 | D:5      | Reached skill level 1 in Fire Magic
   584 | D:5      | Reached skill level 1 in Ice Magic
   584 | D:5      | Reached skill level 1 in Air Magic
   584 | D:5      | Reached skill level 1 in Earth Magic
   584 | D:5      | Reached skill level 1 in Poison Magic
   584 | D:5      | Reached skill level 1 in Invocations
   584 | D:5      | Reached skill level 1 in Evocations
   584 | D:5      | Reached XP level 4. HP: 41/41 MP: 3/5
   611 | D:5      | Reached XP level 5. HP: 43/47 MP: 6/6
   745 | Temple   | Entered the Ecumenical Temple
   882 | Temple   | Became a worshipper of Cheibriados the Contemplative
  1254 | D:3      | Found a radiant altar of Vehumet.
  1586 | D:3      | Reached XP level 6. HP: 53/53 MP: 8/8
  1693 | D:3      | Reached * piety under Cheibriados
  2067 | D:1      | Reached ** piety under Cheibriados
  2640 | D:2      | Reached skill level 5 in Maces & Flails
  2640 | D:2      | Reached skill level 5 in Dodging
  3058 | D:2      | Reached *** piety under Cheibriados
  3173 | D:3      | Found a bloodstained altar of Trog.
  4155 | D:4      | Noticed a phantom
  4160 | D:4      | Reached XP level 7. HP: 51/59 MP: 10/10
  4637 | D:4      | Reached **** piety under Cheibriados
  4949 | D:4      | Found an ornate altar of the Wu Jian Council.
  5239 | D:5      | Reached skill level 10 in Stealth
  5239 | D:5      | Reached XP level 8. HP: 31/67 MP: 12/12
  6063 | D:5      | Noticed Pikel
  6081 | D:5      | Killed Pikel
  6278 | D:6      | Killed Eustachio
  6422 | D:6      | Reached XP level 9. HP: 68/72 MP: 14/14
  6502 | D:6      | Reached ***** piety under Cheibriados
  6616 | D:6      | Noticed Grinder
  6624 | D:6      | Killed Grinder
  7692 | D:7      | Found a runed translucent door.
  7693 | D:7      | Noticed Crazy Yiuf
  7735 | D:7      | Reached skill level 5 in Invocations
  7972 | D:7      | Reached XP level 10. HP: 71/80 MP: 17/17
  8428 | D:7      | Reached skill level 5 in Short Blades
  8428 | D:7      | Reached skill level 5 in Long Blades
  8428 | D:7      | Reached skill level 5 in Axes
  8428 | D:7      | Reached skill level 5 in Polearms
  8428 | D:7      | Reached skill level 5 in Staves
  8428 | D:7      | Reached skill level 5 in Slings
  8428 | D:7      | Reached skill level 5 in Bows
  8428 | D:7      | Reached skill level 5 in Crossbows
  8428 | D:7      | Reached skill level 5 in Throwing
  8428 | D:7      | Reached skill level 5 in Armour
  8428 | D:7      | Reached skill level 5 in Shields
  8428 | D:7      | Reached skill level 5 in Unarmed Combat
  8428 | D:7      | Reached skill level 5 in Spellcasting
  8428 | D:7      | Reached skill level 5 in Evocations
  8470 | D:8      | Found a staircase to the Lair.
  9237 | D:9      | Noticed a boulder beetle
  9307 | D:9      | Reached ****** piety under Cheibriados
  9481 | D:9      | Found Hetz's Antique Armour Emporium.
  9492 | D:9      | Bought a steaming chain mail for 285 gold pieces
  9508 | D:9      | Noticed a two-headed ogre
  9534 | D:9      | Found a roughly hewn altar of Beogh.
  9534 | D:9      | Found a staircase to the Orcish Mines.
  9563 | D:9      | Found a glowing silver altar of Zin.
  9569 | D:9      | Found Wityas's Magic Scroll Boutique.
  9570 | D:9      | Found a broken altar of Ashenzari.
  9586 | D:9      | Bought a scroll of identify for 34 gold pieces
  9586 | D:9      | Identified the +7 chain mail of Iqest {Will- Str+6 Int+7}
                  | (You bought it in a shop on level 9 of the Dungeon)
  9682 | D:9      | Reached skill level 11 in Stealth
  9714 | D:9      | Found a shadowy altar of Dithmenos.
  9945 | D:9      | Found a glowing golden altar of the Shining One.
 10291 | D:9      | Killed a boulder beetle
 10292 | D:9      | Reached XP level 11. HP: 66/87 MP: 19/19
 10432 | D:9      | Killed a two-headed ogre
 10461 | D:9      | Bought a pair of embroidered gloves for 225 gold pieces
 10503 | D:9      | Bought a scroll of identify for 34 gold pieces
 10510 | D:10     | Entered Level 10 of the Dungeon
 10628 | D:10     | Reached skill level 5 in Conjurations
 10628 | D:10     | Reached skill level 5 in Hexes
 10628 | D:10     | Reached skill level 5 in Summonings
 10628 | D:10     | Reached skill level 5 in Necromancy
 10628 | D:10     | Reached skill level 5 in Translocations
 10628 | D:10     | Reached skill level 5 in Transmutations
 10628 | D:10     | Reached skill level 5 in Fire Magic
 10628 | D:10     | Reached skill level 5 in Ice Magic
 10628 | D:10     | Reached skill level 5 in Air Magic
 10628 | D:10     | Reached skill level 5 in Earth Magic
 10628 | D:10     | Reached skill level 5 in Poison Magic
 10733 | D:10     | Noticed Psyche
 10745 | D:10     | Killed Psyche
 11166 | D:10     | Noticed Urug
 11173 | D:10     | Killed Urug
 11738 | D:10     | Learned a level 1 spell: Corona
 11741 | D:10     | Learned a level 2 spell: Ensorcelled Hibernation
 11745 | D:10     | Learned a level 3 spell: Confusing Touch
 11749 | D:10     | Learned a level 3 spell: Dazzling Flash
 11753 | D:10     | Learned a level 3 spell: Tukima's Dance
 11882 | D:11     | Found Cuginn's Weapon Emporium.
 11882 | D:11     | Noticed Fannar
 11919 | D:11     | Killed Fannar
 11970 | D:11     | Found a gate leading to a gauntlet.
 11994 | Gauntlet | Entered a Gauntlet
 11994 | Gauntlet | Found a transporter.
 11994 | Gauntlet | Noticed a queen ant
 12134 | Gauntlet | Found a transporter.
 12136 | Gauntlet | Found a transporter.
 12144 | Gauntlet | Found a transporter.
 12146 | Gauntlet | Found a transporter.
 12158 | Gauntlet | Found a transporter.
 12170 | Gauntlet | Noticed an obsidian statue
 12171 | Gauntlet | Noticed a moth of wrath
 12171 | Gauntlet | a redback changed into a moth of wrath
 12173 | Gauntlet | Found a transporter.
 12173 | Gauntlet | Noticed a death drake
 12173 | Gauntlet | a moth of wrath changed into a death drake
 12175 | Gauntlet | a death drake changed into a snapping turtle
 12183 | Gauntlet | Found a transporter.
 12185 | Gauntlet | Noticed a wizard
 12187 | Gauntlet | Noticed a wizard
 12193 | Gauntlet | Found a transporter.
 12204 | Gauntlet | Noticed an orange crystal statue
 12207 | Gauntlet | Found a transporter.
 12221 | Gauntlet | Found a transporter.
 12233 | Gauntlet | Found a transporter.
 12234 | Gauntlet | Found a transporter.
 12268 | Gauntlet | Found a transporter.
 12352 | Gauntlet | Noticed a faun
 12356 | Gauntlet | Noticed a mana viper
 12370 | Gauntlet | Noticed a manticore
 12370 | Gauntlet | a tarantella changed into a manticore
 12372 | Gauntlet | Noticed a moth of wrath
 12372 | Gauntlet | a manticore changed into a moth of wrath
 12372 | Gauntlet | Noticed a lindwurm
 12372 | Gauntlet | a moth of wrath changed into a lindwurm
 12381 | Gauntlet | Noticed a glowing orange brain
 12388 | Gauntlet | Noticed a mana viper
 12389 | Gauntlet | a mana viper changed into a yaktaur
 12434 | Gauntlet | Noticed a harpy
 12434 | Gauntlet | a golden eye changed into a harpy
 12434 | Gauntlet | a harpy changed into a soldier ant
 12475 | Gauntlet | Killed a queen ant
 12995 | Gauntlet | Noticed a satyr
 12997 | Gauntlet | Noticed an entropy weaver
 12997 | Gauntlet | a satyr changed into an entropy weaver
 12998 | Gauntlet | Got a crude diamond amulet
 13002 | Gauntlet | Noticed an eight-headed hydra
 13002 | Gauntlet | Noticed a glowing orange brain
 13008 | Gauntlet | Noticed an anaconda
 13009 | Gauntlet | Noticed a great orb of eyes
 13009 | Gauntlet | an anaconda changed into a great orb of eyes
 13016 | Gauntlet | Noticed a shock serpent
 13016 | Gauntlet | a glowing orange brain changed into a shock serpent
 13021 | Gauntlet | Noticed a satyr
 13021 | Gauntlet | a great orb of eyes changed into a satyr
 13022 | Gauntlet | Noticed a fire dragon
 13022 | Gauntlet | a satyr changed into a fire dragon
 13027 | Gauntlet | Noticed an alligator
 13027 | Gauntlet | a fire dragon changed into an alligator
 13036 | Gauntlet | an alligator changed into a tyrant leech
 13038 | Gauntlet | Noticed an ice dragon
 13038 | Gauntlet | a tyrant leech changed into an ice dragon
 13042 | Gauntlet | Noticed a boulder beetle
 13042 | Gauntlet | an ice dragon changed into a boulder beetle
 13042 | Gauntlet | Noticed a fire dragon
 13042 | Gauntlet | a boulder beetle changed into a fire dragon
 13118 | Gauntlet | Noticed a minotaur
 13362 | Gauntlet | Killed a minotaur
 13363 | Gauntlet | Reached XP level 12. HP: 58/96 MP: 22/22
 13909 | D:11     | Got an ichor-stained hunting sling
 13935 | D:11     | Identified the amulet of Lesser Demons {Inacc rPois Will-
                  | Int+7} (You found it in a Gauntlet)
 13944 | D:11     | Identified the +8 hunting sling of Cihuist {speed, *Corrode
                  | rPois rF+} (You found it on level 11 of the Dungeon)
 14256 | D:11     | Noticed a two-headed ogre
 14296 | D:11     | Killed a two-headed ogre
 14434 | D:11     | Noticed Erolcha
 14439 | D:11     | Killed Erolcha
 14786 | D:11     | Identified a scroll of acquirement
 14786 | D:11     | Acquired the +1 hat "Laoqy" {rF+++ Str+2 Dex-5}
 14898 | D:11     | Learned a level 3 spell: Frozen Ramparts
 14902 | D:11     | Learned a level 3 spell: Ozocubu's Armour
 15015 | Lair:1   | Entered Level 1 of the Lair of Beasts
 15289 | Lair:1   | You fall into a shaft and drop 1 floor!
 15524 | Lair:1   | You fall into a shaft and drop 1 floor!
 15696 | Lair:1   | Reached skill level 10 in Fighting
 16427 | Lair:1   | Reached skill level 12 in Stealth
 16498 | Lair:2   | Noticed a six-headed hydra
 16499 | Lair:2   | Noticed Erica
 16552 | Lair:2   | Killed a six-headed hydra
 16560 | Lair:2   | Killed Erica
 16561 | Lair:2   | Reached XP level 13. HP: 86/103 MP: 22/24
 17826 | Lair:3   | Found an iron altar of Okawaru.
 17889 | Lair:3   | You fall into a shaft and drop 3 floors!
 17889 | Lair:6   | Entered Level 6 of the Lair of Beasts
 18050 | Lair:4   | Found a staircase to the Swamp.
 18255 | Lair:3   | Identified Biapt's Collected Works on Air
 18352 | Lair:3   | Upgraded the game from 0.27-a0-203-gd48b2df3c9 to
                  | 0.27-a0-216-g1fbed8a51c
 18982 | Lair:4   | Identified the Guide on Earth and Shape Shifting
 19511 | Lair:4   | Found a hole to the Spider Nest.
 20358 | Lair:5   | Reached XP level 14. HP: 87/111 MP: 26/26
 20511 | Lair:5   | Reached skill level 10 in Maces & Flails
 20511 | Lair:5   | Reached skill level 10 in Dodging
 21124 | Lair:5   | Found a staircase to the Slime Pits.
 21395 | Lair:5   | Reached skill level 10 in Invocations
 21536 | Lair:5   | Learned a level 4 spell: Airstrike
 21864 | Lair:6   | Found a transporter.
 21867 | Lair:6   | Found a transporter.
 21867 | Lair:6   | Noticed Atewekes's ghost (journeyman DsCj)
 22398 | Lair:6   | Reached skill level 13 in Stealth
 22762 | Lair:6   | Learned a level 2 spell: Wereblood
 23002 | Lair:6   | Reached XP level 15. HP: 119/119 MP: 28/28
 23892 | Lair:6   | Identified the +5 long sword of Hacathro {speed, Str+5}
                  | (You found it on level 6 of the Lair of Beasts)
 24190 | Orc:1    | Entered Level 1 of the Orcish Mines
 24669 | Orc:2    | Entered Level 2 of the Orcish Mines
 25269 | Orc:2    | Found a radiant altar of Vehumet.
 25294 | Orc:2    | Reached skill level 10 in Short Blades
 25294 | Orc:2    | Reached skill level 10 in Long Blades
 25294 | Orc:2    | Reached skill level 10 in Axes
 25294 | Orc:2    | Reached skill level 10 in Polearms
 25294 | Orc:2    | Reached skill level 10 in Staves
 25294 | Orc:2    | Reached skill level 10 in Slings
 25294 | Orc:2    | Reached skill level 10 in Bows
 25294 | Orc:2    | Reached skill level 10 in Crossbows
 25294 | Orc:2    | Reached skill level 10 in Throwing
 25294 | Orc:2    | Reached skill level 10 in Armour
 25294 | Orc:2    | Reached skill level 10 in Shields
 25294 | Orc:2    | Reached skill level 10 in Unarmed Combat
 25294 | Orc:2    | Reached skill level 10 in Spellcasting
 25294 | Orc:2    | Reached skill level 10 in Evocations
 25746 | Orc:2    | Noticed an orc warlord
 25759 | Orc:2    | Killed an orc warlord
 25779 | Orc:2    | Found a staircase to the Elven Halls.
 26449 | Orc:2    | Found Edaps's General Store.
 26450 | Orc:2    | Found Johasaos's Book Boutique.
 26451 | Orc:2    | Found Maruaz's Antique Armour Boutique.
 26451 | Orc:2    | Found Ifyl's Antique Weapon Shop.
 26561 | Orc:1    | Found Quurr's Armour Shoppe.
 27114 | Orc:2    | Bought a polished helmet for 228 gold pieces
 27114 | Orc:2    | Identified the +4 helmet of Quantum Leap {Will- Str+3 Int+2
                  | Slay+2} (You bought it in a shop on level 2 of the Orcish
                  | Mines)
 27124 | Orc:2    | Bought a book of Minor Magic for 280 gold pieces
 27127 | Orc:2    | Learned a level 2 spell: Blink
 29177 | D:13     | Noticed Jorgrun
 29216 | D:13     | Killed Jorgrun
 29217 | D:13     | Reached XP level 16. HP: 33/127 MP: 14/30
 29744 | D:13     | Learned a level 4 spell: Hailstorm
 29840 | D:14     | Identified the cursed +0 cloak of Lucidity {Int+6} (You
                  | found it on level 14 of the Dungeon)
 30376 | D:14     | Found a gate to the Vaults.
 31216 | D:15     | Entered Level 15 of the Dungeon
 31360 | D:15     | Found a transporter.
 31365 | D:15     | Found a transporter.
 31365 | D:15     | Noticed Hexzid's ghost (adept HaHu)
 31466 | D:15     | Identified the +6 short sword of Zyrchuish {drain, *Noise
                  | rElec Str+3}
 32260 | D:15     | Found a staircase to the Depths.
 32890 | D:15     | Reached skill level 14 in Stealth
 33644 | D:15     | Noticed Louise
 34236 | Orc:2    | Bought a book of Power for 630 gold pieces
 34242 | Orc:2    | Learned a level 5 spell: Bolt of Magma
 34330 | D:9      | Bought a scroll of summoning for 161 gold pieces
 34330 | D:9      | Bought a scroll of blinking for 127 gold pieces
 34642 | Swamp:1  | Entered Level 1 of the Swamp
 35710 | Swamp:1  | Reached XP level 17. HP: 129/135 MP: 32/32
 36652 | Swamp:1  | Learned a level 6 spell: Iron Shot
 36902 | Orc:2    | Bought a crystal flail for 272 gold pieces
 36902 | Orc:2    | Bought an ebony flail for 272 gold pieces
 36902 | Orc:2    | Identified the +7 flail of World's End {elec, *Corrode
                  | Will+ Int+3 Dex-4} (You bought it in a shop on level 2 of
                  | the Orcish Mines)
 36903 | Orc:2    | Identified the +5 flail of Devotion {vorpal, rN+ MP-9
                  | Str+3} (You bought it in a shop on level 2 of the Orcish
                  | Mines)
 39161 | Swamp:3  | Noticed Kirke
 39172 | Swamp:3  | Killed Kirke
 39536 | Swamp:4  | Entered Level 4 of the Swamp
 39814 | Swamp:4  | Found a runed translucent door.
 40139 | Swamp:4  | Mangled by a bog body

Illustrated notes

Levels and vault maps discovered:
D:1:      lemuel_arrival_river_ford, layout_basic
D:2:      layout_loops_ring, minivault_25
D:3:      layout_basic, lemuel_doored_altar, fiery_altar_vehumet,
          kennysheep_cross_room
D:4:      layout_loops_corners, nzn_wu_jian_contemplation,
          palyth_stone_intersect, minmay_manual_monstrance
D:5:      layout_loops_cross, minmay_temple_entry_antechambers, uniq_pikel
D:6:      layout_layer_cave, uniq_eustachio, uniq_grinder
D:7:      layout_basic, uniq_crazy_yiuf_cottage
D:8:      layout_rooms, lair_entry_dummy, kennysheep_generic_room_2
D:9:      layout_rooms, chequers_temple_overflow_statue_of_worship,
          nicolae_tso_carved_into_rock, nicolae_dithmenos_shadow_blocks,
          david_orc_5, serial_shops, shop, shop_scrolls, nzn_sisyphean_effort
D:10:     layout_loops_corners, uniq_urug, uniq_psyche
D:11:     layout_roguey, serial_shops, shop, gauntlet_entry_generic,
          minmay_librarian, uniq_fannar, uniq_erolcha
D:12:     layout_basic, nicolae_straight_to_the_point
D:13:     layout_cave_pools, st_stairs_3, uniq_jorgrun
D:14:     layout_loops_ring, grunt_vaults_entry_tiered, minivault_26
D:15:     gammafunk_depths_entry_grave, layout_long_grid,
          gammafunk_ghost_mausoleum, kennysheep_inner_square, uniq_louise
Temple:   regret_index_temple_waves
Lair:1:   layout_roguey, grunt_megastairs_2, serial_bayou_shore_b
Lair:2:   layout_regular_city, chequers_serial_rivers_micro_a,
          serial_bayou_pond_b, serial_bayou_shore_b,
          infiniplex_staircase_pool_2, uniq_erica
Lair:3:   layout_cave_pods, basic_altar, kennysheep_basilisk_garden
Lair:4:   layout_regular_city, skrybe_swamp_entry_bodies,
          nicolae_spider_entry_non_spiders, ice2_lemuel
Lair:5:   layout_hall_layers, minmay_slime_entry_pillars, lemuel_fruit_tree,
          grunt_megastairs_1, lemuel_fruit_fields, serial_bayou_shore_b
Lair:6:   hangedman_lair_tendril_chambers, layout_concentric_octagons,
          guppyfry_lair_end_dragon, gammafunk_ghost_arena, lookout_lair_type,
          infiniplex_staircase_pool
Swamp:1:  layout_basic_swamp, hangedman_swamp_lotus
Swamp:2:  layout_basic_swamp, nicolae_swamp_treefoil, swamp_pool2
Swamp:3:  layout_basic_swamp, evilmike_swamp_ruin_house_5, uniq_kirke
Swamp:4:  swamp_vile, layout_basic_swamp, ebering_ghost_reflecting_pool,
          uniq_roxanne
Orc:1:    layout_caves, serial_shops, nicolae_shop_waterfront
Orc:2:    st_orc_congregation, layout_diamond_mine, basic_altar

Skill      XL: |  1  2  3  4  5  6  7  8  9 10 11 12 13 14 15 16 17 |
---------------+----------------------------------------------------+-----
Stealth        | 10 11 12 13 14 | 14.4
Short Blades   | 1 2 3 4 5 6 7 8 9 10 11 | 11.6
Long Blades    | 1 2 3 4 5 6 7 8 9 10 11 | 11.6
Axes           | 1 2 3 4 5 6 7 8 9 10 11 | 11.6
Polearms       | 1 2 3 4 5 6 7 8 9 10 11 | 11.6
Staves         | 1 2 3 4 5 6 7 8 9 10 11 | 11.6
Slings         | 1 2 3 4 5 6 7 8 9 10 11 | 11.6
Bows           | 1 2 3 4 5 6 7 8 9 10 11 | 11.6
Crossbows      | 1 2 3 4 5 6 7 8 9 10 11 | 11.6
Throwing       | 1 2 3 4 5 6 7 8 9 10 11 | 11.6
Armour         | 1 2 3 4 5 6 7 8 9 10 11 | 11.6
Shields        | 1 2 3 4 5 6 7 8 9 10 11 | 11.6
Unarmed Combat | 1 2 3 4 5 6 7 8 9 10 11 | 11.6
Spellcasting   | 1 2 3 4 5 6 7 8 9 10 11 | 11.6
Conjurations   | 1 2 3 4 5 6 7 8 9 |  9.9
Hexes          | 1 2 3 4 5 6 7 8 9 |  9.9
Summonings     | 1 2 3 4 5 6 7 8 9 |  9.9
Necromancy     | 1 2 3 4 5 6 7 8 9 |  9.9
Translocations | 1 2 3 4 5 6 7 8 9 |  9.9
Transmutations | 1 2 3 4 5 6 7 8 9 |  9.9
Fire Magic     | 1 2 3 4 5 6 7 8 9 |  9.9
Ice Magic      | 1 2 3 4 5 6 7 8 9 |  9.9
Air Magic      | 1 2 3 4 5 6 7 8 9 |  9.9
Earth Magic    | 1 2 3 4 5 6 7 8 9 |  9.9
Poison Magic   | 1 2 3 4 5 6 7 8 9 |  9.9
Invocations    | 1 2 3 4 5 6 7 8 9 10 11 12 | 12.5
Evocations     | 1 2 3 4 5 6 7 8 9 10 11 | 11.6
Maces & Flails | 5 6 7 8 9 10 11 12 | 12.4
Dodging        | 5 6 7 8 9 10 11 12 | 12.4
Fighting       | 7 8 9 10 11 12 13 | 13.0

Action                   |  1- 3 |  4- 6 |  7- 9 | 10-12 | 13-15 | 16-18 || total
-------------------------+-------+-------+-------+-------+-------+-------++-------
Melee: Mace              |    17 |       |       |       |       |       ||    17
       Bite              |     3 |    22 |    63 |   171 |   267 |   188 ||   714
       Whip              |     3 |   263 |   307 |   734 |  1182 |   624 ||  3113
       Punch             |       |     2 |     1 |       |       |       ||     3
       Scimitar          |       |       |       |       |    24 |       ||    24
       Flail             |       |       |       |       |       |   158 ||   158
Throw: Stone             |     4 |    15 |       |       |       |       ||    19
       Boomerang         |       |    21 |    57 |    42 |   280 |    62 ||   462
       Dart              |       |       |       |    11 |       |       ||    11
       Javelin           |       |       |       |     4 |       |       ||     4
 Cast: Frozen Ramparts   |       |       |       |     6 |    36 |     7 ||    49
       Corona            |       |       |       |     1 |     4 |     4 ||     9
       Ozocubu's Armour  |       |       |       |     1 |       |       ||     1
       Airstrike         |       |       |       |       |    76 |    76 ||   152
       Wereblood         |       |       |       |       |    14 |     5 ||    19
       Tukima's Dance    |       |       |       |       |     6 |     8 ||    14
       Dazzling Flash    |       |       |       |       |     1 |       ||     1
       Bolt of Magma     |       |       |       |       |       |    15 ||    15
       Iron Shot         |       |       |       |       |       |     7 ||     7
Invok: Slouch            |       |       |     1 |     6 |     4 |     3 ||    14
Evoke: Wand              |     3 |       |       |     6 |     1 |       ||    10
       Lightning rod     |       |       |       |     3 |       |       ||     3
  Use: Scroll            |     1 |     6 |     5 |    23 |     7 |     7 ||    49
       Potion            |     1 |       |       |     3 |     1 |     1 ||     6
 Stab: Distracted        |       |     1 |       |       |     5 |       ||     6
       Sleeping          |       |     1 |     4 |     5 |     5 |     7 ||    22
       Paralysed         |       |       |       |     5 |       |       ||     5
Armor: Leather armour    |     3 |     4 |       |       |       |       ||     7
       Chain mail        |       |   118 |    92 |   153 |   405 |   156 ||   924
       Skin              |       |       |       |     1 |       |       ||     1
       Swamp dragon scal |       |       |       |       |       |   108 ||   108
Dodge: Dodged            |    11 |   140 |   137 |   371 |   636 |   489 ||  1784
Block: Buckler           |       |       |    58 |   202 |   332 |   252 ||   844
       Rpst.: Scimitar   |       |       |       |       |     2 |       ||     2

Table legend: (Time is in decaauts)
 A = Elapsed time spent in this place.
 B = Non-inter-level travel time spent in this place.
 C = Inter-level travel time spent in this place.
 D = Time resting spent in this place.
 E = Time spent auto-exploring this place.
 F = Levels seen in this place.
 G = Mean time per level.
                   A        B        C        D        E       F      G
               +--------+--------+--------+--------+--------+-----+--------+
         Total |  56711 |  50698 |   6013 |  11513 |  30812 |  29 | 1955.6 |
       Dungeon |  28518 |  25960 |   2558 |   5268 |  16371 |  15 | 1901.2 |
        Temple |    200 |    109 |     91 |      0 |    107 |   1 |  200.0 |
          Lair |  14566 |  12841 |   1725 |   2024 |   8834 |   6 | 2427.7 |
         Swamp |   6841 |   6277 |    564 |   2273 |   3230 |   4 | 1710.2 |
  Orcish Mines |   4625 |   3552 |   1073 |   1104 |   1722 |   2 | 2312.5 |
      Gauntlet |   1960 |   1960 |      0 |    843 |    546 |   1 | 1960.0 |
               +--------+--------+--------+--------+--------+-----+--------+

Top non-repeatable levels by time:
    D:15: 3771 daAuts
  Lair:6: 3724 daAuts
   Orc:2: 3034 daAuts
  Lair:4: 2592 daAuts
 Swamp:1: 2549 daAuts
     D:5: 2417 daAuts
  Lair:1: 2362 daAuts
     D:9: 2233 daAuts
    D:10: 2196 daAuts
    D:11: 2174 daAuts
    D:14: 2103 daAuts
     D:7: 2063 daAuts
  Lair:2: 2015 daAuts
  Lair:5: 2005 daAuts
 Swamp:3: 1971 daAuts
